 Dungeon Crawl Stone Soup version 0.20-a0 (webtiles) character file.

57 Karnivor the Digger (level 4, 0/24 HPs)
             Began as a Gargoyle Earth Elementalist on Oct 27, 2016.
             Slain by an orc
             ... wielding a +0 mace
              (3 damage)
             ... on level 2 of the Dungeon.
             The game lasted 00:05:15 (2594 turns).

Karnivor the Digger (Gargoyle Earth Elementalist)   Turns: 2594, Time: 00:05:16

Health: 0/24       AC:  5    Str: 11    XL:     4   Next: 0%
Magic:  4/8        EV: 12    Int: 17    God:
Gold:   167        SH:  0    Dex: 10    Spells: 2 memorised, 5 levels left

rFire  . . .     SeeInvis .     n - +0 whip
rCold  . . .     Gourm    .     c - +0 robe
rNeg   + . .     Faith    .     (no shield)
rPois  ∞         Spirit   .     (no helmet)
rElec  +         Reflect  .     (no cloak)
rCorr  .         Harm     .     (no gloves)
MR     .....                    (no boots)
Stlth  ++........               (no amulet)
                                (no ring)
                                (no ring)

@: no status effects
A: negative energy resistance 1, electricity resistance, unbreathing,
petrification resistance, rot immunity, AC +3
a: no special abilities


You were on level 2 of the Dungeon.
You were not hungry.

You visited 1 branch of the dungeon, and saw 3 of its levels.

You collected 167 gold pieces.

Inventory:

Hand Weapons
 n - a +0 whip (weapon)
Missiles
 b - 67 stones (quivered)
Armour
 c - a +0 robe (worn)
Scrolls
 a - 4 scrolls of identify {unknown}
 j - 3 scrolls of teleportation {unknown}
 k - a scroll of fear {unknown}
 p - a scroll of enchant weapon {unknown}
 t - a scroll of fog {unknown}
Potions
 f - 2 potions of might {unknown}
 h - a potion of cancellation {unknown}
 i - 2 potions of curing {unknown}
 o - a potion of agility {unknown}
 r - a potion of resistance {unknown}
Books
 e - a book of Geomancy

   Spells                             Type                      Level
   a - Sandblast                      Earth                        1
   b - Passwall                       Transmutation/Earth          2
   c - Stone Arrow                    Conjuration/Earth            3
   d - Petrify                        Transmutation/Earth          4
   e - Lee's Rapid Deconstruction     Earth                        5
Comestibles
 d - 2 bread rations
 g - 4 meat rations
 l - a slice of pizza
 m - a beef jerky
 q - 3 fruits
 s - a chunk of flesh


   Skills:
 - Level 1.5 Dodging
 - Level 2.1 Stealth
 + Level 3.0 Spellcasting
 + Level 0.9 Conjurations
   Level 0.7 Transmutations
 + Level 4.6 Earth Magic


You had 5 spell levels left.
You knew the following spells:

 Your Spells              Type           Power        Failure   Level  Hunger
a - Sandblast             Erth           ###...       2%          1    None
b - Stone Arrow           Conj/Erth      ##....       17%         3    ###....


Dungeon Overview and Level Annotations

Branches:
Dungeon (3/15)

Altars:
Kikubaaqudgha
Zin


Innate Abilities, Weirdness & Mutations

You are resistant to torment.
Your stone body is resilient. (AC +3)
You are immune to poison.
You resist negative energy. (rN+)
You are resistant to electric shocks. (rElec)
You can survive without breathing.
You are immune to petrification.
You are immune to rotting.


Message History

Aim: an adder (severely wounded)
The blast of sand hits the adder.
The adder is almost dead.
The adder bites you.
* * * LOW HITPOINT WARNING * * *
The orc hits you with a mace.
* * * LOW HITPOINT WARNING * * *
The adder bites you but does no damage.
Casting: Sandblast
Confirm with . or Enter, or press ? or * to list all spells.
Aiming: Sandblast
Press: ? - help, Shift-Dir - straight line, f/p - adder
Aim: an adder (almost dead)
The blast of sand hits the adder.
You kill the adder!
Your Spellcasting skill increases to level 3!
You have reached level 4!
You feel clever. The orc hits you with a mace.
You die...

######.#
#.#..# #.#
#....# #.#
#....# #.#
#....# #.#
##...# #.#
#...# #.#
##..# #.#
#..#
######.#####
#o@#
...†.......#
#†##
######.###.#
#.# #.# #.#
#.# #.# #.#
#.# #.# #.#
#.#
###.###.#
#.##########
#.....#.#
#..........#
#.#.#.#.#
#..#######.#


You could see an orc.

Vanquished Creatures
  3 adders (D:2)
  An ooze (D:2)
  A dart slug (D:1)
  A leopard gecko (D:1)
  A goblin (D:1)
  3 hobgoblins
  2 kobolds (D:1)
  5 bats (D:1)
  5 frilled lizards
  8 rats
30 creatures vanquished.

Notes
Turn   | Place    | Note
-------+----------+-------------------------------------------
     0 | D:1      | Karnivor the Gargoyle Earth Elementalist began the quest for the Orb.
     0 | D:1      | Reached XP level 1. HP: 10/10 MP: 3/3
   446 | D:1      | Reached skill level 4 in Earth Magic
   446 | D:1      | Reached XP level 2. HP: 6/15 MP: 0/5
  1689 | D:2      | Reached XP level 3. HP: 16/19 MP: 1/7
  1782 | D:2      | Learned a level 3 spell: Stone Arrow
  1840 | D:2      | Found a glowing silver altar of Zin.
  1840 | D:2      | Found an ancient bone altar of Kikubaaqudgha.
  2594 | D:2      | Reached XP level 4. HP: 3/24 MP: 4/8
  2594 | D:2      | Slain by an orc

Vault maps used:
D:1:      minmay_arrival_arboretum_small
D:2:      gammafunk_temple_overflow_elements

Skill      XL: |  1  2  3 |
---------------+----------+-----
Earth Magic    | 4 |  4.6
Spellcasting   | 3 |  3.0
Dodging        | |  1.5
Stealth        | |  2.1
Conjurations   | |  0.9
Transmutations | |  0.7

Action                   |  1- 3 |  4- 6 || total
-------------------------+-------+-------++-------
Melee: Unarmed           |    22 |       ||    22
       Club              |    16 |       ||    16
       Whip              |    39 |       ||    39
 Cast: Sandblast         |    21 |     1 ||    22
 Stab: Sleeping          |     3 |       ||     3
       Distracted        |     1 |       ||     1
  Eat: Chunk             |     5 |       ||     5
Armor: Robe              |    34 |       ||    34
Dodge: Dodged            |    64 |       ||    64
